 Dungeon Crawl Stone Soup version 0.30.0-15-g856e2d3f33 (webtiles) character file.

Game seed: 18322827559742301127

1953 Esekla the Grave Robber (level 9, -2/52 HPs)
             Began as a Tengu Necromancer on May 18, 2023.
             Was a Follower of Ashenzari.
             Slain by a killer bee (7 damage)
             ... on level 7 of the Dungeon.
             The game lasted 00:41:50 (7314 turns).

Esekla the Grave Robber (Tengu Necromancer)         Turns: 7314, Time: 00:41:50

Health: -2/52      AC:  2    Str:  9    XL:     9   Next: 19%
Magic:  5/19       EV: 17    Int: 19    God:    Ashenzari [*.....]
Gold:   203        SH:  0    Dex: 15    Spells: 8/20 levels left

rFire   . . .        s - +0 dagger
rCold   . . .        (no shield)
rNeg    . . .        B - +0 robe of Supernal Wisdom {Alch, Self} (curse)
rPois   .            (helmet restricted)
rElec   .            (no cloak)
rCorr   +            (no gloves)
SInv    .            (boots unavailable)
Will    .....        t - amulet "Circumscribed Together" {RegenMP, Comp, Cun} (curse)
Stlth   +++          j - ring of resist corrosion
HPRegen 0.28/turn    (no ring)
MPRegen 0.56/turn

%: no passive effects
@: flying quickly and evasively, quick
A: beak, talons 3, nimble flight
a: Renounce Religion, Shatter the Chains


You were on level 7 of the Dungeon.
You worshipped Ashenzari.
Ashenzari was aware of your devotion.
You visited 2 branches of the dungeon, and saw 8 of its levels.
You also visited: Sewer.

You collected 433 gold pieces.
You spent 230 gold pieces at shops.

Inventory:

Hand Weapons
 a - a +0 scimitar
 s - a +0 dagger (weapon)
Missiles
 d - 2 boomerangs
 r - 14 poisoned darts (quivered)
Armour
 i - the +3 leather armour "Ykhloah" {rN+}
   (You bought it in a shop on level 4 of the Dungeon)

   rN:        It protects you from negative energy.
 B - the cursed +0 robe of Supernal Wisdom (worn) {Alch, Self}

   It has a curse which improves the following skills: Alchemy: Poison Magic and
   Transmutations.
   Introspection: Fighting and Spellcasting.
Jewellery
 j - a ring of resist corrosion (left hand)
 t - the cursed amulet "Circumscribed Together" (around neck) {RegenMP, Comp, Cun}
   (You found it on level 3 of the Dungeon)

   [amulet of magic regeneration]

   It increases your rate of magic regeneration.
   It has a curse which improves the following skills: Companions: Summonings
   and Necromancy.
   Cunning:   Dodging and Stealth.
Wands
 k - a wand of digging (8)
 n - a wand of flame (16)
 F - a wand of charming (5)
Scrolls
 f - 2 scrolls of poison
 l - 4 scrolls of teleportation
 o - 3 scrolls of amnesia
 x - 2 scrolls of magic mapping
 y - a scroll of fear
 z - a scroll of enchant weapon
 A - a scroll of brand weapon
 C - a scroll of enchant armour
 D - 3 scrolls of blinking
Potions
 b - a potion of magic
 c - 4 potions of heal wounds
 e - 2 potions of brilliance
 g - a potion of berserk rage
 h - a potion of resistance
 m - 2 potions of might
 p - 5 potions of curing
 q - 2 potions of haste
 u - a potion of invisibility
 v - a potion of lignification
 w - a potion of attraction
 E - a potion of cancellation


   Skills:
 * Level 3.5(4.2) Fighting
 + Level 2.5(2.8) Short Blades
 + Level 1.4(2.2) Long Blades
 + Level 0.7 Throwing
 * Level 4.7(5.4) Dodging
 + Level 3.1(3.8) Stealth
 * Level 5.3(6.1) Spellcasting
 * Level 4.2 Conjurations
 + Level 5.7(6.4) Necromancy
 * Level 2.7 Ice Magic
 * Level 3.6 Air Magic
 * Level 3.9(4.6) Poison Magic


You had 8 spell levels left.
You knew the following spells:

 Your Spells              Type           Power      Damage    Failure   Level
a - Necrotise             Necr           100%       1d9       1%          1
c - Mephitic Cloud        Conj/Pois/Air  21%        N/A       6%          3
d - Vampiric Draining     Necr           30%        2d8       2%          3
r - Frozen Ramparts       Ice            32%        1d5       11%         3
v - Poisonous Vapours     Pois/Air       42%        N/A       3%          2

Your spell library contained the following spells:

 Spells                   Type           Power      Damage    Failure   Level
 Freeze                   Ice            64%        1d7       3%          1
 Sting                    Tmut/Pois      56%        1d5       4%          1
 Hailstorm                Conj/Ice       19%        3d6       8%          3
 Animate Dead             Necr           30%        N/A       8%          4
 Agony                    Necr           30%        N/A       22%         5
 Freezing Cloud           Conj/Ice/Air   9%         6-21      56%         5
 Manifold Assault         Tloc           5%         N/A       73%         4
 Simulacrum               Ice/Necr       11%        N/A       95%         6
 Dispersal                Tloc           2%         N/A       100%        6
 Ozocubu's Refrigeration  Ice            8%         4d9       100%        7
 Disjunction              Tloc           2%         N/A       100%        8
 Polar Vortex             Ice            8%         N/A       100%        9


Dungeon Overview and Level Annotations

Branches:
Dungeon (7/15)             Temple (1/1) D:5           Sewer (visited)

Altars:
Ashenzari
Cheibriados
Dithmenos
Elyvilon
Fedhas
Gozag
Hepliaklqana
Kikubaaqudgha
Makhleb
Nemelex Xobeh
Okawaru
Qazlal
Ru
Sif Muna
Uskayaw
Vehumet
Wu Jian
Xom
Yredelemnul
Zin
The Shining One

Shops:
D:4 =![

Annotations:
D:2 1 runed translucent door, Crazy Yiuf
D:7 Menkaure


Innate Abilities, Weirdness & Mutations

You have a beak for a mouth.
You have claws for feet.
Your magical nature lets you fly swiftly and evasively.


Message History

Casting: Poisonous Vapours (safe; 3% risk of failure)
Confirm with . or Enter, or press ? or * to list all spells.
Aiming: Vampiric Draining (dangerous; 2% risk of failure)
Press: ? - help, Shift-Dir - straight line, f/p - killer bee
Aim: a killer bee (moderately wounded, very poisoned)
You draw life force from the killer bee!
You feel life coursing into your body.
You feel sick. The killer bee barely misses you. The killer bee misses you.
The killer bee closely misses you. The killer bee stings you.
* * * LOW HITPOINT WARNING * * *
You are more poisoned.
The killer bee poisons you! The killer bee closely misses you.
The killer bee barely misses you.
You feel better.
You kill the killer bee!
The killer bee stings you but does no damage.
The killer bee barely misses you. The killer bee closely misses you. x2
Casting: Vampiric Draining (dangerous; 2% risk of failure)
Confirm with . or Enter, or press ? or * to list all spells.
Aiming: Poisonous Vapours (safe; 3% risk of failure)
Press: ? - help, Dir - move target, f - killer bee
Aim: a killer bee Poisonous vapours surround the killer bee!
The killer bee is poisoned.
The killer bee closely misses you. x2
The killer bee barely misses you. The killer bee stings you.
Casting: Poisonous Vapours (safe; 3% risk of failure)
Confirm with . or Enter, or press ? or * to list all spells.
Aiming: Poisonous Vapours (safe; 3% risk of failure)
Press: ? - help, Dir - move target, f - killer bee, p - killer bee
Aim: a killer bee Poisonous vapours surround the killer bee!
The killer bee is poisoned.
The killer bee closely misses you. The killer bee misses you.
The killer bee stings you!
* * * LOW HITPOINT WARNING * * *
You are lethally poisoned!
The killer bee poisons you! The killer bee closely misses you.
You feel better. The killer bee barely misses you. The killer bee stings you!
* * * LOW HITPOINT WARNING * * *
The killer bee misses you. The killer bee stings you!
You die...

#......#..g #......#
#......#... #......#
#......#... #......#
#......#... #y.....#
#......#... #......#
####....##... #......#
#.......##... #$.....#######
##......#.... ###..........y@#
#......'.... .............†y#
#......#....
....†..........######.....##...
...######......#...##.....##...
.. #....#......#...#.......#...
#....#......#...#.......#...
#....#......#...#.......#...
#....##'#####...#.......#...
#.....'.........#.......#...


You could see 2 killer bees.

Vanquished Creatures
  2 water moccasins
  2 black bears
  An orc warrior (D:6)
  An ice beast (D:5)
  A centaur (D:6)
  3 bullfrogs
  5 scorpions
  3 killer bees (D:7)
  2 howler monkeys
  A hound (D:5)
  2 orc priests (D:6)
  7 iguanas
  A sleepcap (D:6)
  2 orc wizards (D:5)
  9 adders
  6 river rats (Sewer)
  An ufetubus (D:4)
  2 worms
  2 orcs (D:6)
  8 ball pythons
  13 endoplasms
  10 giant cockroaches
  7 goblins
  4 hobgoblins
  10 jackals
  15 kobolds
  10 quokkas
  5 bats
  7 frilled lizards
  6 rats
148 creatures vanquished.

Notes
Turn   | Place    | Note
-------+----------+-------------------------------------------
     0 | D:1      | Esekla the Tengu Necromancer began the quest for the Orb.
     0 | D:1      | Reached XP level 1. HP: 10/10 MP: 4/4
   254 | D:1      | Reached XP level 2. HP: 12/15 MP: 6/6
   786 | D:1      | Reached XP level 3. HP: 20/20 MP: 7/7
   790 | D:1      | Learned a level 3 spell: Vampiric Draining
   989 | D:2      | Reached skill level 5 in Necromancy
  1495 | D:2      | Reached skill level 1 in Short Blades
  1661 | D:2      | Reached skill level 1 in Long Blades
  1661 | D:2      | Reached XP level 4. HP: 11/24 MP: 4/8
  1995 | D:2      | Found a runed translucent door.
  1996 | D:2      | Noticed Crazy Yiuf
  2221 | D:3      | Reached skill level 1 in Fighting
  2365 | D:3      | Found an iron altar of Okawaru.
  2408 | D:3      | Learned a level 3 spell: Frozen Ramparts
  2618 | D:3      | Found a stormy altar of Qazlal.
  2629 | D:3      | Found a hide-covered altar of Uskayaw.
  2713 | D:4      | Noticed a scorpion
  2723 | D:4      | Killed a scorpion
  2724 | D:4      | Gained mutation: Your magical nature lets you fly swiftly
                  | and evasively. [Tengu growth]
  2724 | D:4      | Reached XP level 5. HP: 20/29 MP: 5/9
  2821 | D:4      | Reached XP level 6. HP: 26/34 MP: 0/10
  2825 | D:4      | Reached skill level 1 in Air Magic
  2989 | D:4      | Found Yxowyeg's Jewellery Shop.
  3012 | D:4      | Found Igut's Distillery.
  3028 | D:4      | Bought a potion of degeneration for 13 gold pieces
  3059 | D:4      | HP: 1/34 [ufetubus (4)]
  3067 | D:4      | HP: 1/34 [ufetubus (1)]
  3404 | D:4      | Found Hylus's Antique Armour Shoppe.
  3473 | D:5      | Entered Level 5 of the Dungeon
  3496 | D:5      | Noticed an ice beast
  3502 | D:5      | Reached skill level 1 in Ice Magic
  3649 | D:5      | Reached skill level 1 in Conjurations
  3682 | D:5      | Reached skill level 1 in Poison Magic
  3873 | D:5      | Found a staircase to the Ecumenical Temple.
  3889 | Temple   | Entered the Ecumenical Temple
  3945 | Temple   | Became a worshipper of Ashenzari the Shackled
  4046 | D:5      | Found a shimmering blue altar of Sif Muna.
  4060 | D:5      | Learned a level 3 spell: Mephitic Cloud
  4108 | D:5      | Reached XP level 7. HP: 18/38 MP: 6/12
  4117 | D:5      | Got Sif Muna's Essays on Changing
  4801 | D:6      | Found a glowing drain.
  4833 | Sewer    | Entered a sewer
  5092 | Sewer    | Reached XP level 8. HP: 41/45 MP: 12/14
  5661 | D:6      | Identified the +5 dagger of Dogif {freeze, *Slow rElec
                  | rPois rN+}
  6239 | D:6      | Reached * piety under Ashenzari
  6298 | D:4      | Bought a fading leather armour for 217 gold pieces
  6298 | D:4      | Identified the +3 leather armour "Ykhloah" {rN+} (You
                  | bought it in a shop on level 4 of the Dungeon)
  6426 | D:6      | Found a shimmering altar of Xom.
  6427 | D:6      | Found a shadowy altar of Dithmenos.
  6861 | D:7      | Noticed Menkaure
  6996 | D:7      | Reached skill level 5 in Spellcasting
  6996 | D:7      | Reached XP level 9. HP: 40/52 MP: 10/18
  6999 | D:7      | Learned a level 2 spell: Poisonous Vapours
  7314 | D:7      | Slain by a killer bee

Illustrated notes

Levels and vault maps discovered:
D:1:      dpeg_arrival_boxorama, layout_rooms
D:2:      layout_basic, minmay_pentomino_t2, uniq_crazy_yiuf_cottage
D:3:      layout_rooms, okawaru_gym_becter, mainiacjoe_overflow_swirl
D:4:      layout_cave_pools, serial_shops, shop, shop, nicolae_shop_hallway_plus
D:5:      layout_loops_ring, led_sif_book, temple_statues
D:6:      layout_loops_ring, mainiacjoe_overflow_divided_tiny,
          gup_sewer_entry_pipe, dreamdust_wishing_well,
          chequers_serial_rivers_micro_e
D:7:      layout_gridville, serial_shops, shop, chequers_serial_rivers_micro_d,
          uniq_menkaure, uniq_joseph
Temple:   hellmonk_temple_of_storms

Skill      XL: |  1  2  3  4  5  6  7  8 |
---------------+-------------------------+-----
Necromancy     | 5 |  5.7
Short Blades   | 1 2 |  2.5
Long Blades    | 1 |  1.4
Fighting       | 1 2 3 |  3.5
Dodging        | 3 4 |  4.7
Air Magic      | 2 3 |  3.6
Ice Magic      | 1 2 |  2.7
Conjurations   | 1 3 4 |  4.2
Poison Magic   | 1 3 |  3.9
Spellcasting   | 3 5 |  5.3
Stealth        | 3 |  3.1
Throwing       | |  0.7

Action                     |  1- 3 |  4- 6 |  7- 9 || total
---------------------------+-------+-------+-------++-------
  Melee: Unarmed           |    19 |       |       ||    19
         Kick              |    35 |    38 |    82 ||   155
         Peck              |    23 |    23 |    53 ||    99
         Dagger            |   113 |   139 |   222 ||   474
         Punch             |     2 |     1 |     5 ||     8
  Throw: Dart              |       |    11 |     9 ||    20
   Cast: Vampiric Draining |     1 |    19 |    28 ||    48
         Frozen Ramparts   |       |     1 |    18 ||    19
         Mephitic Cloud    |       |       |     4 ||     4
         Poisonous Vapours |       |       |     8 ||     8
 Invoke: Curse Item        |       |       |     2 ||     2
    Use: Scroll            |       |     7 |     1 ||     8
         Potion            |       |     3 |     3 ||     6
   Stab: Sleeping          |     6 |     4 |     4 ||    14
         Distracted        |       |       |     1 ||     1
         Confused          |       |       |     1 ||     1
 Armour: Robe              |    29 |    13 |    15 ||    57
  Dodge: Dodged            |    67 |   105 |   146 ||   318
